 Dungeon Crawl Stone Soup version 0.31.0-9-g3a7656b989 (webtiles) character file.

Game seed: 2995360204582836793

294 ProzacElf the Sneak (level 6, 0/75 HPs)
             Began as an Armataur Berserker on Jan 25, 2024.
             Was a Priest of Trog.
             Slain by an adder (4 damage)
             ... on level 4 of the Dungeon.
             The game lasted 00:04:49 (2605 turns).

ProzacElf the Sneak (Armataur Berserker)            Turns: 2605, Time: 00:04:49

Health: 0/75       AC: -3    Str: 23    XL:     6   Next: 11%
Magic:  15/15      EV:  4    Int:  7    God:    Trog [***...]
Gold:   145        SH:  0    Dex: 11    Spells: 5/5 levels left

rFire   . . .        b - +0 short sword (venom)
rCold   . . .        (no shield)
rNeg    . . .        j - +0 plate armour
rPois   .            s - +2 helmet
rElec   .            (no cloak)
rCorr   .            (no gloves)
SInv    .            (no barding)
Will    .....        (no amulet) Stlth
                     i - ring of magical power
HPRegen 0.32/turn    (no ring)
MPRegen 0.14/turn

%: roll
@: berserking, corroded, very quick
A: large, deformed body, tough skin 3, armoured tail, roll 1
a: Renounce Religion, Berserk, Trog's Hand


You were on level 4 of the Dungeon.
You worshipped Trog.
Trog was most pleased with you.
You visited 1 branch of the dungeon, and saw 4 of its levels.

You collected 145 gold pieces.

Inventory:

Hand Weapons
 a - a +0 mace
 b - a +0 short sword of venom (weapon)
Missiles
 t - a throwing net (quivered)
Armour
 f - a +0 ring mail
 j - a +0 plate armour (worn)
 s - a +2 helmet (worn)
Jewellery
 i - a ring of magical power (left hand)
Wands
 l - a wand of flame (21)
 x - a wand of paralysis (2)
Scrolls
 g - 6 scrolls of identify {unknown}
 k - 3 scrolls of vulnerability {unknown}
 p - a scroll of fear {unknown}
 q - 2 scrolls of revelation {unknown}
 y - a scroll of enchant weapon {unknown}
 z - a scroll of silence {unknown}
Potions
 c - a potion of lignification {unknown}
 d - a potion of invisibility {unknown}
 e - a potion of haste {unknown}
 h - a potion of experience {unknown}
 n - a potion of berserk rage {unknown}
 o - a potion of resistance {unknown}
 r - a potion of enlightenment {unknown}
 u - a potion of brilliance {unknown}
 v - a potion of cancellation {unknown}
 w - a potion of curing {unknown}


   Skills:
 - Level 2.6 Fighting
 + Level 4.8 Maces & Flails
 - Level 2.4 Armour
 - Level 1.3 Dodging
 - Level 5.0 Stealth


You had 5 spell levels left.
You didn't know any spells.
Your spell library was empty.

Dungeon Overview and Level Annotations

Branches:
Dungeon (4/15)
 Temple: D:4-7

Altars:
Ashenzari


Innate Abilities, Weirdness & Mutations

Armour fits poorly on your strangely shaped body.
You have extremely tough skin. (AC +3)
You have a long armoured tail.
You regenerate magic when rolling toward enemies. (Rampage MPRegen)


Message History

Tha jelly hits ye but does nay damage.
Ye take 4 damage, an' haf 37/42 hp.
Ye hit tha jelly.
Tha jelly be poison'd.
Tha acid corrodes ye!
Yer hands burn!
Tha jelly be heavily wounded.
Tha adder bites ye.
Tha jelly hits ye.
Tha acid corrodes ye!
Ye be splashed wit' acid!
Ye take 14 damage, an' haf 23/42 hp.
MASSIVE DAMAGE!!
Ye hit tha jelly but do nay damage.
Yer hands burn!
Tha jelly be heavily wounded.
Tha adder barely misses ye.
Tha jelly hits ye.
Tha acid corrodes ye!
Ye be splashed wit' acid!
Ye take 10 damage, an' haf 13/42 hp.
MASSIVE DAMAGE!!
Ye be too injured ta fight recklessly!
Okay, than.
A red film seems ta co'er yer vision as ye go berserk!
Ye feel yerself movin' faster!
Ye feel mighty!
Tha adder barely misses ye.
Tha jelly hits ye.
Tha acid corrodes ye!
Ye be splashed wit' acid!
* * * LOW HITPOINT WARNIN'
* * * Ye now haf 11/63hp.
Ye hit tha jelly but do nay damage.
Yer hands burn!
* * * LOW HITPOINT WARNIN'
* * * Tha jelly be heavily wounded.
Tha adder barely misses ye.
Ye take 4 damage, an' haf 7/63 hp.
Ye puncture tha jelly!
Ye kill tha jelly!
Trog accepts yer kill.
Tha adder bites ye.
* * * LOW HITPOINT WARNIN'
* * * Trainin' target 5.0 fer Stealth reached!
Yer Stealth skill increases ta level 5!
Ye haf reached level 6!
Ye take 1 damage, an' haf 6/75 hp.
MP restored: 15 Ye miss tha adder.
Tha adder bites ye.
* * * LOW HITPOINT WARNIN'
* * * Ye take 3 damage, an' haf 3/75 hp.
Ye closely miss tha adder.
Tha adder barely misses ye.
Ye barely miss tha adder.
Tha adder bites ye.
Ye die...

## ##...#...##
##.........####
#.............. #..
#.............. #...
#.............. #...
#............. #..#
#....S....... #..#
#.@.......
#####..########..##.....
................###.....
........#####......# #
#####....## #......# ##
#..#..# #......... .#
##..##.# #..>....##
.###)..##.# ###....##.
.....#.##.###...#.#...


You could see an adder.

Vanquished Creatures
  2 jellies
  An orc priest (D:3)
  An orc wizard (D:3)
  Robin (D:1)
  A gnoll (D:4)
  5 adders
  7 dart slugs
  5 orcs
  13 ball pythons
  7 bats
  5 endoplasms
  6 giant cockroaches
  13 goblins
  12 hobgoblins
  4 jackals (D:2)
  2 kobolds
  3 quokkas (D:1)
  A frilled lizard (D:1)
  2 rats
91 creatures vanquished.

Notes
Turn   | Place    | Note
-------+----------+-------------------------------------------
     0 | D:1      | ProzacElf the Armataur Berserker began the quest for the
                  | Orb.
     0 | D:1      | Reached XP level 1. HP: 18/18 MP: 1/1
   107 | D:1      | Reached skill level 1 in Stealth
   118 | D:1      | Reached XP level 2. HP: 16/25 MP: 2/2
   244 | D:1      | Reached skill level 2 in Stealth
   297 | D:1      | Reached XP level 3. HP: 21/30 MP: 3/3
   777 | D:2      | Reached ** piety under Trog
   959 | D:2      | Noticed Robin
   991 | D:2      | HP: 1/30 [goblin/sling bullet[Robin] (3)]
  1275 | D:1      | Killed Robin
  1276 | D:1      | Reached skill level 3 in Stealth
  1276 | D:1      | Reached XP level 4. HP: 29/37 MP: 4/4
  1869 | D:3      | Reached skill level 4 in Stealth
  1869 | D:3      | Reached XP level 5. HP: 42/42 MP: 5/5
  2311 | D:4      | Found a broken altar of Ashenzari.
  2458 | D:4      | Reached *** piety under Trog
  2603 | D:4      | Reached skill level 5 in Stealth
  2603 | D:4      | Reached XP level 6. HP: 6/50 MP: 6/6
  2603 | D:4      | HP: 3/75 [adder (3)]
  2605 | D:4      | Slain by an adder

Illustrated notes

Levels and vault maps discovered:
D:1:      dpeg_arrival_radiant, layout_basic
D:2:      layout_basic, uniq_robin
D:3:      layout_basic
D:4:      layout_rooms, overflow_temple_1_default, kennysheep_generic_room_13

Skill      XL: |  1  2  3  4  5 |
---------------+----------------+-----
Stealth        | 1 2 3 4 5 |  5.0
Maces & Flails | 3 4 |  4.8
Fighting       | |  2.6
Armour         | |  2.4
Dodging        | |  1.3

Action                     |  1- 3 |  4- 6 || total
---------------------------+-------+-------++-------
  Melee: Mace              |   110 |     2 ||   112
         Tailslap          |    10 |    24 ||    34
         Short sword       |       |   143 ||   143
         Punch             |       |     3 ||     3
 Invoke: Berserk           |     1 |     1 ||     2
 Armour: Animal skin       |    34 |       ||    34
         Plate armour      |    66 |   129 ||   195
         Ring mail         |    37 |       ||    37
  Dodge: Dodged            |    42 |    27 ||    69

Action                     |  1- 3 |  4- 6 || total
---------------------------+-------+-------++-------
  Melee: Mace              |   110 |     2 ||   112
         Tailslap          |    10 |    24 ||    34
         Short sword       |       |   143 ||   143
         Punch             |       |     3 ||     3
 Invoke: Berserk           |     1 |     1 ||     2
 Armour: Animal skin       |    34 |       ||    34
         Plate armour      |    66 |   129 ||   195
         Ring mail         |    37 |       ||    37
  Dodge: Dodged            |    42 |    27 ||    69

Levels and vault maps discovered:
D:1:      dpeg_arrival_radiant, layout_basic
D:2:      layout_basic, uniq_robin
D:3:      layout_basic
D:4:      layout_rooms, overflow_temple_1_default, kennysheep_generic_room_13
